 Dungeon Crawl Stone Soup version 0.21.1-1-g345015f (webtiles) character file.

2368 Mirai the Cleaver (level 9, -6/77 (78) HPs)
             Began as a Minotaur Fighter on Mar 21, 2018.
             Was an Initiate of Okawaru.
             Killed from afar by a deep elf mage (24 damage)
             ... with a bolt of lightning
             ... on level 7 of the Dungeon on Mar 22, 2018.
             The game lasted 00:12:37 (5176 turns).

Mirai the Cleaver (Minotaur Fighter)                Turns: 5176, Time: 00:12:38

HP:   -6/77 (78)    AC:  9    Str: 23    XL:     9   Next: 21%
MP:   8/8           EV: 10    Int:  5    God:    Okawaru [......]
Gold: 453           SH:  9    Dex: 11    Spells: 8/8 levels left

rFire    . . .     SeeInvis .   a - +0 war axe
rCold    . . .     Gourm    .   c - +0 shield
rNeg     . . .     Faith    .   b - +0 scale mail
rPois    .         Spirit   .   (helmet restricted)
rElec    .         Reflect  .   u - +0 cloak
rCorr    .         Harm     .   (no gloves)
MR       .....                  (no boots)
Stlth    ..........             s - amulet of rage
HPRegen  0.22/turn              (no ring)
MPRegen  0.11/turn              (no ring)

@: berserk cooldown, slowed, very slow
A: retaliatory headbutt, horns 2
a: Renounce Religion, Evoke Berserk Rage


You were on level 7 of the Dungeon.
You worshipped Okawaru.
Okawaru was noncommittal.
You were near starving.

You visited 1 branch of the dungeon, and saw 7 of its levels.

You collected 453 gold pieces.

Inventory:

Hand Weapons
 a - a +0 war axe (weapon)
Armour
 b - a +0 scale mail (worn)
 c - a +0 shield (worn)
 u - a +0 cloak (worn)
Jewellery
 q - an uncursed ring of ice
 s - an amulet of rage (around neck)
 C - a cursed ring of loudness {unknown}
Wands
 z - a wand of polymorph (8)
Scrolls
 e - 3 scrolls of magic mapping {unknown}
 g - 8 scrolls of identify {unknown}
 h - 2 scrolls of random uselessness {unknown}
 j - a scroll of amnesia {unknown}
 k - a scroll of fear {unknown}
 l - 5 scrolls of remove curse {unknown}
 m - 2 scrolls of fog {unknown}
 o - 3 scrolls of enchant weapon {unknown}
 p - 4 scrolls of teleportation {unknown}
 w - 3 scrolls of enchant armour {unknown}
 y - a scroll of immolation {unknown}
 D - 2 scrolls of torment {unknown}
Potions
 d - a potion of heal wounds {unknown}
 i - 2 potions of mutation {unknown}
 n - a potion of flight
 r - 2 potions of curing {unknown}
 t - a potion of degeneration {unknown}
 v - a potion of cancellation {unknown}
 x - 2 potions of might
 A - a potion of haste {unknown}
 B - a potion of invisibility {unknown}
 F - a potion of brilliance {unknown}
Comestibles
 f - 13 rations


   Skills:
 + Level 6.7 Fighting
 + Level 10.0 Axes
 + Level 7.4 Armour
 * Level 6.2 Dodging
 - Level 3.6 Shields
 + Level 0.3 Evocations


You had 8 spell levels left.
You didn't know any spells.

Dungeon Overview and Level Annotations

Branches:
Dungeon (7/15)
 Temple: D:4-7

Altars:
Ashenzari
Fedhas
Gozag
Okawaru
Qazlal
Ru
Wu Jian
Yredelemnul


Innate Abilities, Weirdness & Mutations

You reflexively headbutt those who attack you in melee.
You have a pair of horns on your head.


Message History

The deep elf mage is severely wounded.
The deep elf mage hits you but does no damage.
You barely miss the deep elf mage. Your headbutt misses the deep elf mage.
The deep elf mage is severely wounded.
The deep elf mage hits you but does no damage.
The deep elf mage gestures at you while chanting.
The bolt of lightning hits you!
You closely miss the deep elf mage.
The deep elf mage is heavily wounded.
The deep elf mage gestures at you while chanting.
The bolt of lightning hits you!
* * * LOW HITPOINT WARNING * * *
The deep elf mage hits you with a rapier.
* * * LOW HITPOINT WARNING * * *
You hit the deep elf mage but do no damage.
Your headbutt misses the deep elf mage.
The deep elf mage is heavily wounded.
The deep elf mage points at you and mumbles some strange words.
The bolt of lightning hits you!
You die...

#.#
#.....>.......#
##.#
#............##
#..#
#.........###
#.## ##.....####
##.# ##..###
#..# #..# ####
#.<#
##.######.....
#.##
#..###........
##.#
##.#...@e......
#..####
#..............
#.....#
#..............
#.....#
#..........(....
#....##
#.##............
###..# ##
##..........#
####
###.......##
##.....## ######


You could see a deep elf mage.

Vanquished Creatures
  Sigmund (D:3)
  Menkaure (D:7)
  Duvessa (D:7)
  3 ice beasts
  A sky beast (D:6)
  A black bear (D:6)
  A phantom (D:7)
  A necrophage (D:6)
  An ogre (D:4)
  2 centaurs (D:6)
  A big kobold (D:7)
  A bullfrog (D:6)
  Dowan (D:7)
  4 scorpions
  A howler monkey (D:6)
  A centaur zombie (D:6)
  2 bullfrog zombies (D:6)
  A centaur skeleton (D:6)
  A jelly (D:6)
  Crazy Yiuf (D:3)
  An orc priest (D:7)
  A bullfrog skeleton (D:6)
  A hound (D:5)
  An iguana (D:4)
  An orc wizard (D:2)
  3 worker ants
  2 killer bee zombies (D:6)
  A hound zombie (D:6)
  A hound skeleton (D:3)
  A howler monkey zombie (D:6)
  6 gnolls
  5 adders
  An adder skeleton (D:6)
  2 worms (D:2)
  5 leopard geckos
  6 orcs
  2 ball pythons
  5 giant cockroaches
  10 goblins
  7 hobgoblins
  11 jackals (D:3)
  12 kobolds
  3 quokkas
  6 bats
  7 frilled lizards
  A quokka skeleton (D:6)
  7 rats
  A fungus (D:3)
  2 withered plants (D:6)
139 creatures vanquished.

Notes
Turn   | Place    | Note
-------+----------+-------------------------------------------
     0 | D:1      | Mirai the Minotaur Fighter began the quest for the Orb.
     0 | D:1      | Reached XP level 1. HP: 19/19 MP: 0/0
   179 | D:1      | Reached XP level 2. HP: 27/27 MP: 1/1
   196 | D:1      | Reached skill level 1 in Dodging
   559 | D:2      | HP: 1/27 [gnoll (2)]
   570 | D:2      | HP: 1/27 [gnoll (1)]
   572 | D:1      | Reached skill level 3 in Axes
   572 | D:1      | Reached XP level 3. HP: 2/33 MP: 2/2
   931 | D:2      | Found a sacrificial altar of Ru.
   991 | D:2      | Reached XP level 4. HP: 35/40 MP: 3/3
  1022 | D:2      | Found a shattered altar of Ashenzari.
  1615 | D:3      | Reached skill level 4 in Axes
  1638 | D:3      | Noticed Sigmund
  1643 | D:3      | Killed Sigmund
  1643 | D:3      | Reached skill level 5 in Axes
  1643 | D:3      | Reached skill level 5 in Armour
  1643 | D:3      | Reached XP level 5. HP: 43/47 MP: 4/4
  1643 | D:3      | Reached XP level 6. HP: 49/53 MP: 5/5
  2084 | D:3      | Found a runed door.
  2088 | D:3      | Noticed Crazy Yiuf
  2096 | D:3      | Killed Crazy Yiuf
  2461 | D:4      | Reached skill level 5 in Fighting
  2621 | D:4      | Noticed an ice beast
  2634 | D:4      | Killed an ice beast
  2634 | D:4      | Reached skill level 6 in Axes
  2634 | D:4      | Reached XP level 7. HP: 46/61 MP: 6/6
  2786 | D:4      | Found an opulent altar of Gozag.
  3014 | D:4      | Found an ornate altar of the Wu Jian Council.
  3254 | D:5      | Entered Level 5 of the Dungeon
  3429 | D:5      | Found a stormy altar of Qazlal.
  3793 | D:6      | Reached skill level 7 in Axes
  3830 | D:6      | Found a blossoming altar of Fedhas.
  3876 | D:6      | Reached XP level 8. HP: 53/69 MP: 7/7
  3938 | D:6      | Reached skill level 8 in Axes
  3938 | D:6      | Reached skill level 5 in Dodging
  4041 | D:6      | Found a basalt altar of Yredelemnul.
  4306 | D:7      | Reached skill level 9 in Axes
  4330 | D:7      | Noticed Duvessa
  4331 | D:7      | Noticed Dowan
  4344 | D:7      | Killed Duvessa
  4355 | D:7      | Killed Dowan
  4356 | D:7      | Noticed Menkaure
  4365 | D:7      | Killed Menkaure
  4365 | D:7      | Reached XP level 9. HP: 43/77 MP: 8/8
  4533 | D:7      | Found an iron altar of Okawaru.
  4544 | D:7      | Became a worshipper of Warmaster Okawaru
  5037 | D:7      | Reached skill level 10 in Axes
  5155 | D:7      | Noticed a deep elf mage
  5176 | D:7      | Killed from afar by a deep elf mage

Skill      XL: |  1  2  3  4  5  6  7  8  9 |
---------------+----------------------------+-----
Dodging        | 1 2 3 4 5 6 |  6.2
Armour         | 4 5 6 7 |  7.4
Fighting       | 4 5 6 |  6.7
Axes           | 3 5 6 7 9 10 | 10.0
Shields        | |  3.6
Evocations     | |  0.3

Action                   |  1- 3 |  4- 6 |  7- 9 || total
-------------------------+-------+-------+-------++-------
Melee: War axe           |    63 |   123 |   216 ||   402
       Headbutt          |     5 |    21 |    42 ||    68
 Abil: Evoke Berserk Rag |       |       |     2 ||     2
  Use: Potion            |     2 |     1 |       ||     3
 Stab: Paralysed         |     1 |       |       ||     1
  Eat: Chunk             |       |     6 |     8 ||    14
Armor: Scale mail        |    31 |    56 |    99 ||   186
Dodge: Dodged            |    21 |    42 |    77 ||   140
Block: Shield            |    51 |    62 |   119 ||   232
